Cogmind - Beta 9.6 @@@ ROGUE MODE // 2020.07.16 @ 20:29:06 Player: Wer1in Result: Destroyed by Y-45 Defender with Heavy Assault Rifle Performance ------------- Evolutions (1) 500 Regions Visited (3) 600 Robots Destroyed (42) 210 Value Destroyed (992) 992 Prototype IDs (2) 40 Alien Tech Used (0) 0 Bonus (60) 60 TOTAL SCORE: 2402 Bonus ------- Follower Combat Kills 60 Cogmind --------- Core Integrity 0/400 Matter 44/300 Energy 19/100 System Corruption 4% Temperature Cool (11) Movement Flying (37) Location -9/Materials Parts ------- > --- POWER (1) -------- (None) > --- PROPULSION (2) --- Flight Unit Flight Unit > --- UTILITY (4) ------ Small Storage Unit > --- WEAPON (2) ------- Mini Grenade Launcher > --- INVENTORY (6) ---- Aluminum Leg Aluminum Leg Flight Unit Datajack Peak State ------------ > --- POWER ------------ Improved Ion Engine > --- PROPULSION ------- Aluminum Leg Aluminum Leg > --- UTILITY ---------- Small Storage Unit Light Armor Plating > --- WEAPON ----------- Heavy Assault Rifle Grenade Launcher > --- INVENTORY -------- Ion Engine Flight Unit Flight Unit Heat Sink Heavy Assault Rifle [Rating: 9] Favorites ----------- Power Improved Ion Engine Engine Improved Ion Engine Propulsion Aluminum Leg Leg Aluminum Leg Flight Unit Flight Unit Utility Small Storage Unit Storage Small Storage Unit Protection Light Armor Plating Weapon Grenade Launcher Energy Gun Medium Laser Ballistic Gun Heavy Assault Rifle Launcher Grenade Launcher Special Weapon Mining Laser Build | -11 -10 -10 -9 ------- Run | Scr Mat Min Mat Slots Evolved 2 | . . . 2 Power . | . . . . Propulsion . | . . . . Utility 2 | . . . 2 Weapon . | . . . . Parts Attached 26 | 6 3 12 5 Power 3 | 1 . 2 . Engine 3 | 1 . 2 . Core . | . . . . Reactor . | . . . . Propulsion 10 | 2 1 5 2 Treads . | . . . . Leg 8 | 2 1 5 . Wheel . | . . . . Hover . | . . . . Flight 2 | . . . 2 Utility 2 | 1 1 . . Device . | . . . . Storage 1 | 1 . . . Processor . | . . . . Hackware . | . . . . Protection 1 | . 1 . . Artifact . | . . . . Weapon 11 | 2 1 5 3 Energy Gun 2 | 2 . . . Energy Cannon . | . . . . Ballistic Gun 2 | . . 2 . Ballistic Cannon . | . . . . Launcher 4 | . 1 2 1 Special Weapon 3 | . . 1 2 Impact Weapon . | . . . . Slashing Weapon . | . . . . Piercing Weapon . | . . . . Special Melee Weapon . | . . . . Unidentified Prototypes . | . . . . Parts Lost 9 | . 1 5 3 Power 1 | . . . 1 Propulsion 2 | . 1 1 . Utility 1 | . . 1 . Weapon 5 | . . 3 2 Highest Loss Streak 2 | . 1 2 1 Average Slot Usage (%) 84 | . 89 90 55 Engine 12 | . 14 14 6 Leg 25 | . 26 27 18 Storage 13 | . 14 14 11 Protection 5 | . 5 6 . Energy Gun 5 | . 14 1 . Ballistic Gun 6 | . . 11 . Launcher 12 | . 13 13 10 Special Weapon 1 | . . 1 4 Naked Turns . | . . . . Heaviest Build 20 | 12 17 20 16 Greatest Support 20 | 20 20 20 20 Greatest Overweight (x) 3 | 3 1 1 . Average Overweight (x) . | . . . . Largest Inventory Capacity 6 | 6 6 6 6 Average Capacity 5 | 5 6 6 6 Most Carried 6 | 2 6 6 6 Average Carried 5 | . 4 5 5 Final Capacity 6 | 6 6 6 6 Final Carried 6 | 2 6 6 4 Class Distribution -------------------- 61% | Mutant 38% | Scavenger-Mutant Dominant Class ---------------- Mutant | -10/Materials Scavenger-Mutant | -10/Mines Mutant | -9/Materials Resources | -11 -10 -10 -9 ----------- Run | Scr Mat Min Mat Matter Collected 849 | 226 152 430 41 Remotely . | . . . . Salvage Created 649 | . 286 166 197 Parts 61 | . 29 9 23 Haulers Intercepted 1 | . 1 . . Recyclers Shooed . | . . . . Parts Field Recycled . | . . . . Retrieved Matter . | . . . . Parts Self-Destructed . | . . . . Prevented . | . . . . Kills | -11 -10 -10 -9 ------- Run | Scr Mat Min Mat Combat Hostiles Destroyed 31 | . 13 10 8 Guns 6 | . 3 3 . Cannons 1 | . . . 1 AOE 24 | . 10 7 7 Classes Destroyed 8 | . 6 . 2 Worker 4 | . 1 . 3 Builder 2 | . . . 2 Hauler 1 | . 1 . . Operator 1 | . 1 . . Watcher 3 | . 3 . . Swarmer 14 | . 6 6 2 Grunt 15 | . 7 4 4 Sentry 2 | . . . 2 Best Kill Streak 9 | . 4 3 9 Combat Bots Only 5 | . 3 3 5 Max Kills in Single Turn 3 | . 3 2 2 Gunslinging . | . . . . Exploded 3 | . 3 2 2 Melee . | . . . . Uniques/NPCs Destroyed . | . . . . Combat | -11 -10 -10 -9 -------- Run | Scr Mat Min Mat Damage Taken 1669 | . 388 502 779 Core 581 | . 65 115 401 Absorbed by Shields . | . . . . Core Remaining (%) 64 | 100 . 28 . Volleys Fired 108 | . 29 45 34 Largest 2 | . 2 2 1 Hottest 100 | . 80 100 100 Shots Fired 143 | . 53 56 34 Gun 61 | . 29 32 . Cannon . | . . . . Launcher 60 | . 24 16 20 Special 22 | . . 8 14 Kinetic 26 | . . 26 . Thermal 57 | . 29 14 14 Explosive 60 | . 24 16 20 Electromagnetic . | . . . . Robot Hit Streak 18 | . 5 9 18 Robot Miss Streak 6 | . 2 6 2 Penetration Max . | . . . . Secondary Targets . | . . . . Shots Hit Robots 45 | . 13 23 9 Core Hits 74 | . 31 20 23 Critical Hits . | . . . . Critical Kills . | . . . . Critical Parts Destroyed . | . . . . Melee Attacks . | . . . . Impact . | . . . . Slashing . | . . . . Piercing . | . . . . Sneak Attacks . | . . . . Combat Hostiles . | . . . . Follow-up Attacks . | . . . . Damage Inflicted 3340 | . 1343 880 1117 Guns 410 | . 163 247 . Cannons . | . . . . Explosions 2906 | . 1180 633 1093 Melee . | . . . . Ramming . | . . . . Kinetic 222 | . . 222 . Thermal 272 | . 163 85 24 Explosive 2846 | . 1180 573 1093 Electromagnetic . | . . . . Impact . | . . . . Slashing . | . . . . Piercing . | . . . . Highest Corruption 4 | . . . 4 Average Corruption 3 | . . . 3 Corruption Purged . | . . . . Effects 3 | . . . 3 Message Errors 2 | . . . 2 Matter Fused 1 | . . . 1 Overload Shots . | . . . . Overflow Damage 43 | . 26 17 . Projectiles . | . . . . Explosions 43 | . 26 17 . Melee . | . . . . Knockbacks . | . . . . Impact . | . . . . Kinetic . | . . . . Secondary . | . . . . Self-Inflicted Damage 291 | . 99 65 127 Shots 12 | . 6 3 3 Rammed . | . . . . Targets Rammed . | . . . . Kicked . | . . . . Crushed . | . . . . Highest Temperature 175 | . 175 103 24 Average Temperature 33 | . 52 23 9 Received Heat Transfer 369 | . 117 147 105 Siege Activations . | . . . . Robots Corrupted . | . . . . Combat Hostiles . | . . . . Parts Fried . | . . . . Impact Corruptions . | . . . . Robots Melted . | . . . . Combat Hostiles . | . . . . Parts Melted 1 | . . 1 . Heat Transferred 705 | . 481 174 50 Parts Sabotaged . | . . . . Parts Stolen . | . . . . Parts Stripped . | . . . . Power Chain Reactions . | . . . . Missiles Intercepted . | . . . . Alert | -11 -10 -10 -9 ------- Run | Scr Mat Min Mat Peak Influence 318 | . 287 318 232 Average Influence 170 | . 175 197 93 Maximum Alert Level 1 | . 1 1 1 Low Security (%) 55 | 100 53 45 87 Level 1 44 | . 46 54 12 Level 2 . | . . . . Level 3 . | . . . . Level 4 . | . . . . Level 5 . | . . . . High Security . | . . . . Max Security . | . . . . Squads Dispatched 4 | . 2 1 1 Investigation 3 | . 1 1 1 Extermination . | . . . . Reinforcement 1 | . 1 . . Assault . | . . . . Garrison . | . . . . Intercept . | . . . . Construction Impeded . | . . . . Haulers Reinforced . | . . . . Stealth | -11 -10 -10 -9 --------- Run | Scr Mat Min Mat Distress Signals 2 | . 2 . . Communications Jammed . | . . . . Distress Signals . | . . . . Times Spotted 50 | . 17 17 16 Peak Tracking Total 10 | . 3 5 10 Tactical Retreats 4 | . 1 2 1 Traps | -11 -10 -10 -9 ------- Run | Scr Mat Min Mat Traps Triggered 1 | . 1 . . Indirectly . | . . . . Trap Hack Attempts . | . . . . Triggered . | . . . . Disarmed . | . . . . Reprogrammed . | . . . . Reused . | . . . . Traps Extracted . | . . . . Installed . | . . . . Triggered . | . . . . Machines | -11 -10 -10 -9 ---------- Run | Scr Mat Min Mat Machines Disabled 12 | . 4 4 4 Max in Single Turn 2 | . 2 2 2 Machines Sabotaged . | . . . . Garrisons Compromised . | . . . . Overloaded Fab Kills . | . . . . Fab Network Shutdowns . | . . . . Hacking | -11 -10 -10 -9 --------- Run | Scr Mat Min Mat Machines Accessed 6 | . 3 1 2 Terminals 6 | . 3 1 2 Fabricators . | . . . . Repair Stations . | . . . . Recycling Units . | . . . . Scanalyzers . | . . . . Garrison Access . | . . . . Total Hacks 26 | . 14 5 7 Successful 14 | . 6 2 6 Failed 12 | . 8 3 1 Catastrophic 3 | . 1 1 1 Database Lockouts . | . . . . Manual 16 | . 11 1 4 Terminals 26 | . 14 5 7 Fabricators . | . . . . Repair Stations . | . . . . Recycling Units . | . . . . Scanalyzers . | . . . . Garrison Access . | . . . . Terminal Hacks 7 | . 3 1 3 Prototype ID Bank 1 | . 1 . . Unreport Threat 3 | . . . 3 Recall Investigation 1 | . 1 . . Registered Components 1 | . 1 . . Zone Layout 1 | . . 1 . Fabricator Hacks . | . . . . Repair Station Hacks . | . . . . Recycling Unit Hacks . | . . . . Scanalyzer . | . . . . Garrison Access Hacks . | . . . . Unauthorized Hacks 7 | . 3 1 3 Terminals 7 | . 3 1 3 Botnet 4 | . 1 1 2 Detonate 3 | . 2 . 1 Fabricators . | . . . . Repair Stations . | . . . . Recycling Units . | . . . . Scanalyzers . | . . . . Garrison Access . | . . . . Data Cores Recovered 1 | . 1 . . Used 1 | . 1 . . Hacking Detections 5 | . 3 1 1 Full Trace Events 4 | . 2 1 1 Feedback Events 1 | . . . 1 Corruption 1 | . . . 1 Feedback Blocked . | . . . . Robot Schematics Acquired . | . . . . Robots Built . | . . . . Matter . | . . . . Time . | . . . . Total Robot Build Rating . | . . . . Part Schematics Acquired . | . . . . Parts Built . | . . . . Matter . | . . . . Time . | . . . . Total Part Build Rating . | . . . . Parts Repaired . | . . . . Time . | . . . . Parts Recycled . | . . . . Recycled Matter . | . . . . Retrieved Matter . | . . . . Retrieved Components . | . . . . Parts Scanalyzed . | . . . . Part Schematics Acquired . | . . . . Parts Damaged . | . . . . Bothacking | -11 -10 -10 -9 ------------ Run | Scr Mat Min Mat Used RIF Installer . | . . . . Robots Hacked . | . . . . Non-combat . | . . . . Combat . | . . . . Robot Hacks Applied . | . . . . Relay Couplers Released . | . . . . Robots Rewired . | . . . . Allies Hacked . | . . . . Hacks Repelled . | . . . . Allies | -11 -10 -10 -9 -------- Run | Scr Mat Min Mat Total Allies 3 | . . 3 . Largest Group 3 | . . 3 1 Highest-Rated Group 76 | . . 76 31 Highest-Rated Ally 31 | . . 31 31 Total Orders . | . . . . Ally Attacks 12 | . . 11 1 Total Damage 212 | . . 191 21 Kills 2 | . . 2 . Allies Corrupted . | . . . . Allies Melted . | . . . . Intel | -11 -10 -10 -9 ------- Run | Scr Mat Min Mat Robot Analysis Total . | . . . . Derelict Logs Recovered 2 | . . 2 . Drone Launches . | . . . . Drone Recoveries . | . . . . Exploration | -11 -10 -10 -9 ------------- Run | Scr Mat Min Mat Turns Passed 1954 | 46 592 1025 291 Spaces Moved 1321 | 30 397 694 200 Core 12 | 12 . . . Treads . | . . . . Legs 1238 | 18 397 694 129 Wheels . | . . . . Hover . | . . . . Flight 71 | . . . 71 Fastest Speed 37 | 50 120 120 37 Average Speed 117 | 118 122 121 90 Slowest Speed 200 | 200 150 150 120 Overloaded Moves . | . . . . Propulsion Burnouts . | . . . . Robots Hopped 1 | . . . 1 Cave-ins Triggered 1 | . . . 1 Exploration Rate (%) 50 | 4 75 94 30 Regions Visited 3 Branch Regions 1 Pre-discovered Areas 1 | . . 1 . Known Exits Taken . | . . . . Unknown Exits Taken 3 | 1 1 1 . Scrap Searched 1 | . . 1 . Spaces Dug 59 | . 8 8 43 Terrain Destroyed 423 | . 130 122 171 Melee . | . . . . Projectile 18 | . . 8 10 AOE 405 | . 130 114 161 Actions | -11 -10 -10 -9 --------- Run | Scr Mat Min Mat Total 1540 | 37 447 806 250 Wait 60 | . 14 38 8 Move 1316 | 29 396 693 198 Hop 1 | . . . 1 Pick Up 13 | 2 4 7 . Fast Attach 17 | 6 3 5 3 Attach 4 | . . 2 2 Detach . | . . . . Swap 5 | . . 5 . Drop 16 | . 1 11 4 Fire 108 | . 29 45 34 Melee . | . . . . Ram . | . . . . Kick . | . . . . Crush . | . . . . Escape Stasis . | . . . . Rewire . | . . . . Trap . | . . . . Miscellaneous . | . . . . Route ------- -11/Scrapyard -10/Materials (discovered 2 exits: *Mat / *Min) -10/Mines (discovered 2 exits: *Mat x2) -9/Materials (discovered 2 exits: Min / [*Sto]) History --------- Turn | Location | Event 25 | -11/Scrapyard | Discovered new exit (range 16) 47 | -11/Scrapyard | Entered Materials 283 | -10/Materials | Discovered new exit (range 3) 303 | -10/Materials | Build established: Mutant 581 | -10/Materials | Discovered new exit (range 15) 639 | -10/Materials | Entered Mines 739 | -10/Mines | Joined a pair of Derelicts in attacking an 0b10 outpost 874 | -10/Mines | Core integrity fell below 50% 1073 | -10/Mines | Received a Rocket Launcher from a helpful Derelict 1192 | -10/Mines | Discovered new exit (range 9) 1215 | -10/Mines | Learned location of 1 exit from Materials 1231 | -10/Mines | Build established: Scavenger-Mutant 1301 | -10/Mines | Discovered new exit (range 8) 1306 | -10/Mines | Received a Mining Laser from a helpful Derelict 1664 | -10/Mines | Entered Materials 1664 | -9/Materials | Accompanied by 1 ally 1664 | -9/Materials | Evolved 2 slots: Utility x2 1665 | -9/Materials | Identified exit to Mines 1669 | -9/Materials | Led the pair of lost Derelicts to an unsafe place 1671 | -9/Materials | Discovered new exit (range 14) 1814 | -9/Materials | Crushed by falling debris 1814 | -9/Materials | Core integrity fell below 50% 1873 | -9/Materials | Build established: Mutant 1934 | -9/Materials | Core integrity fell below 20% 1955 | -9/Materials | Destroyed by Y-45 Defender with Heavy Assault Rifle Last Messages --------------- 01943_ The unstable cave ceiling collapses. 01944_ Connecting with Terminal... >>Trojan(Botnet) Trojan loaded successfully. Testing... Terminal linked with 0 systems. Awaiting botnet instructions. >>Alert(Purge) Purged threat record, alert level lowered. >>Trojan(Detonate) Trojan loaded successfully. Testing... Scanning machine control network... Found 2 applicable machines. VM5QTW6RS4: Nuclear Reactor 7RKAKBGPPK: Nuclear Reactor Infected machine control systems. 01945_ MGCROPJ9IMI8&P:HL